 Dungeon Crawl Stone Soup version 0.27-a0-277-g024f7ef292 (webtiles) character file.

Game seed: 16138466596226158923

4 Borgoz the Skirmisher (level 1, 0/14 HPs)
             Began as a Gargoyle Berserker on Feb 6, 2021.
             Was a Follower of Trog.
             Slain by a leopard gecko (1 damage)
             ... on level 1 of the Dungeon.
             The game lasted 00:00:12 (38 turns).

Borgoz the Skirmisher (Gargoyle Berserker)            Turns: 38, Time: 00:00:12

Health: 0/14       AC:  4    Str: 20    XL:     1   Next: 70%
Magic:  1/1        EV: 12    Int:  7    God:    Trog [*.....]
Gold:   0          SH:  0    Dex:  9    Spells: 0/0 levels left

rFire    . . .     SeeInvis .   a - +0 mace
rCold    . . .     Faith    .   (no shield)
rNeg     + . .     Spirit   .   b - +0 animal skin
rPois    ∞         Reflect  .   (no helmet)
rElec    +         Harm     .   (no cloak)
rCorr    .         Rampage  .   (no gloves)
Will     .....                  (no boots)
Stlth    +.........             (no amulet)
HPRegen  0.04/turn              (no ring)
MPRegen  0.07/turn              (no ring)

@: berserk cooldown, slowed, very slow
A: negative energy resistance 1, electricity resistance, unbreathing,
petrification resistance, miasma immunity, AC +2
a: Renounce Religion, Berserk


You were on level 1 of the Dungeon.
You worshipped Trog.
Trog was aware of your devotion.
You visited 1 branch of the dungeon, and saw 1 of its levels.

Inventory:

Hand Weapons
 a - a +0 mace (weapon)
Armour
 b - a +0 animal skin (worn)


   Skills:
 + Level 3.3 Fighting
 + Level 3.0 Maces & Flails
 + Level 2.3 Armour
 + Level 1.7 Dodging


You couldn't memorise any spells.
You didn't know any spells.
Your spell library was empty.

Dungeon Overview and Level Annotations

Branches:
Dungeon (1/15)

Altars:


Innate Abilities, Weirdness & Mutations

You are resistant to torment.
Your stone body is resilient. (AC +2)
You are immune to poison.
You resist negative energy. (rN+)
You are resistant to electric shocks. (rElec)
You can survive without breathing.
You are immune to petrification.
You are immune to miasma.


Message History

Okay, then.
The frilled lizard hisses.
The frilled lizard bites you but does no damage.
Things that are here:
a +0 club; a frilled lizard corpse; a goblin corpse You thump the frilled lizard!
You kill the frilled lizard!
Trog accepts your kill.
The frilled lizard hisses.
The leopard gecko misses you.
You closely miss the leopard gecko.
The frilled lizard bites you but does no damage.
The frilled lizard hisses.
The leopard gecko closely misses you. The frilled lizard barely misses you.
The leopard gecko closely misses you.
You barely miss the leopard gecko. The leopard gecko bites you.
* * * LOW HITPOINT WARNING * * *
The frilled lizard completely misses you.
The leopard gecko bites you.
You die...

##+####...(.....
#...............
#..............
#........... #.......#
#.......# ##.!.....# .
#........#
....#####@.....#'#
......llll†....#.##
.......l###....#..##
###....l. ######...##
#......... ##....##
#.........#####......##
....#...#.+.....<.....#
....#...#######......##
... #.... ##....##


You could see a leopard gecko and 5 frilled lizards.

Vanquished Creatures
  A goblin (D:1)
  5 frilled lizards (D:1)
6 creatures vanquished.

Vanquished Creatures (others)
  7 plants (D:1)
7 creatures vanquished.

Grand Total: 13 creatures vanquished

Notes
Turn   | Place    | Note
-------+----------+-------------------------------------------
     0 | D:1      | Borgoz the Gargoyle Berserker began the quest for the Orb.
     0 | D:1      | Reached XP level 1. HP: 14/14 MP: 1/1
    38 | D:1      | Slain by a leopard gecko

Illustrated notes

Levels and vault maps discovered:
D:1:      mrwooster_arrival_arrow, layout_basic, minmay_lizard_king

Action                   || total
-------------------------++-------
Melee: Mace              ||    19
Invok: Berserk           ||     1
Armor: Animal skin       ||    13
Dodge: Dodged            ||    23

Table legend: (Time is in decaauts)
 A = Elapsed time spent in this place.
 B = Non-inter-level travel time spent in this place.
 C = Inter-level travel time spent in this place.
 D = Time resting spent in this place.
 E = Time spent auto-exploring this place.
 F = Levels seen in this place.
 G = Mean time per level.
                   A        B        C        D        E       F      G
               +--------+--------+--------+--------+--------+-----+--------+
         Total |     43 |     43 |      0 |      0 |     10 |   1 |   43.0 |
       Dungeon |     43 |     43 |      0 |      0 |     10 |   1 |   43.0 |
               +--------+--------+--------+--------+--------+-----+--------+

Top non-repeatable levels by time:
     D:1: 43 daAuts
